 Dungeon Crawl Stone Soup version 0.29-a0-414-g5075937ec3 (webtiles) character file.

Game seed: 8439724924029716297

20546 Conn the Arsonist (level 12, -1/72 HPs)
             Began as an Octopode Fire Elementalist on May 15, 2022.
             Was a High Priest of Sif Muna.
             Collided with a rock wall (4 damage)
             ... caused by a rakshasa (illusionary)
             ... on level 3 of the Abyss.
             The game lasted 01:09:32 (16847 turns).

Conn the Arsonist (Octopode Fire Elementalist)     Turns: 16847, Time: 01:09:38

Health: -1/72      AC:  1    Str:  8    XL:     12   Next: 80%
Magic:  19/35      EV: 17    Int: 21    God:    Sif Muna [*****.]
Gold:   366        SH: 11    Dex: 13    Spells: 4/32 levels left

rFire   + . .      SeeInvis .   b - staff of fire
rCold   . . .      Faith    .   s - +3 buckler
rNeg    . . .      Spirit   .   (helmet restricted)
rPois   .          Reflect  +   t - amulet of reflection
rElec   .          Harm     .   u - ring of wizardry
rCorr   .          Rampage  .   A - ring of magical power
Will    .....                   m - ring of flight
Stlth   ++++......              o - +4 ring of evasion
HPRegen 0.22/turn               (no ring)
MPRegen 0.24/turn               (no ring)
                                (no ring)
                                (no ring)

@: about to teleport, flying
A: almost no armour, amphibious, 8 rings, camouflage 1, gelatinous body 1,
(nimble swimmer 1), tentacles
a: Renounce Religion, Channel Magic, Forget Spell, Divine Exegesis


You were on level 3 of the Abyss.
You worshipped Sif Muna.
Sif Muna was extremely pleased with you.
You visited 2 branches of the dungeon, and saw 16 of its levels.
You visited the Abyss 1 time.
You also visited: Ice Cave.

You collected 1042 gold pieces.
You spent 676 gold pieces at shops.

Inventory:

Hand Weapons
 a - the +5 short sword "Qodeim" {freeze, Will+ Int+2 SInv}
   (You found it on level 7 of the Dungeon)

   It freezes those it strikes, dealing additional cold damage.
   It can also slow down cold-blooded creatures.
   Int:       It affects your intelligence (+2).
   SInv:      It lets you see invisible.
   Will:      It increases your willpower.
Missiles
 w - 37 poisoned darts (quivered)
Armour
 s - a +3 buckler (worn)
 v - an orb of energy
 G - an orb of mayhem
Magical Staves
 b - a staff of fire (weapon)
 k - a staff of poison
 K - a staff of earth
Jewellery
 m - a ring of flight (on tentacle)
 o - a +4 ring of evasion (on tentacle)
 t - an amulet of reflection (around mantle)
 u - a ring of wizardry (left tentacle)
 A - a ring of magical power (right tentacle)
 N - an amulet of guardian spirit
Wands
 q - a wand of polymorph (6)
 z - a wand of flame (37)
 E - a wand of digging (5)
 I - a wand of acid (5)
Scrolls
 d - 4 scrolls of teleportation
 e - 2 scrolls of enchant weapon
 f - a scroll of immolation
 j - 2 scrolls of poison
 l - a scroll of torment
 r - a scroll of fog
 y - 3 scrolls of amnesia
 D - a scroll of brand weapon
 H - a scroll of silence
 O - a scroll of fear
Potions
 c - 3 potions of magic
 g - 6 potions of curing
 h - 2 potions of attraction
 p - a potion of flight
 x - a potion of brilliance
 B - 2 potions of haste {unknown}
 C - 2 potions of might
 F - 3 potions of heal wounds
 J - a potion of mutation
 L - a potion of berserk rage {unknown}
 M - a potion of invisibility {unknown}


   Skills:
 + Level 2.4 Fighting
 + Level 0.9 Short Blades
 + Level 1.6 Staves
 + Level 1.1 Throwing
 + Level 3.7 Dodging
 + Level 6.0 Stealth
 + Level 0.9 Shields
 + Level 10.8 Spellcasting
 + Level 8.0 Conjurations
 + Level 4.9 Hexes
 * Level 2.0 Summonings
 * Level 3.1 Translocations
 + Level 10.9 Fire Magic
 * Level 1.8 Ice Magic
 + Level 1.1 Earth Magic
 + Level 7.0 Invocations
 + Level 1.2 Evocations


You had 4 spell levels left.
You knew the following spells:

 Your Spells              Type           Power      Damage    Failure   Level
a - Foxfire               Conj/Fire      100%       2x1d9     1%          1
b - Conjure Flame         Conj/Fire      67%        6-21      1%          3
c - Inner Flame           Hex/Fire       61%        N/A       1%          3
d - Flame Wave            Conj/Fire      67%        2d12      1%          4
e - Scorch                Fire           100%       2d10      1%          2
f - Stone Arrow           Conj/Erth      60%        3d10      1%          3
g - Iskenderun's Mystic   Conj/Tloc      35%        2d8       3%          4
h - Fulminant Prism       Conj/Hex       19%        3d11      2%          4
i - Summon Ice Beast      Ice/Summ       19%        N/A       16%         4

Your spell library contained the following spells:

 Spells                   Type           Power      Damage    Failure   Level
 Static Discharge         Conj/Air       28%        N/A       1%          2
 Lightning Bolt           Conj/Air       14%        1d27      16%         5
 Summon Mana Viper        Hex/Summ       26%        N/A       21%         5
 Lee's Rapid Deconstruct  Erth           8%         3d8*      45%         5
 Monstrous Menagerie      Summ           10%        N/A       100%        7
 Lehudib's Crystal Spear  Conj/Erth      15%        10d5      100%        8
 Maxwell's Capacitive Co  Air            5%         ∞         100%        8
 Animate Armour           Summ/Erth      Unusable   N/A       N/A         4

Dungeon Overview and Level Annotations

Branches:
Dungeon (15/15)            Temple (1/1) D:4            Lair (0/6) D:11
    Orc (0/2) D:11         Vaults (0/5) D:14          IceCv (visited)
 Depths: D:15

Altars:
Ashenzari
Cheibriados
Gozag
Hepliaklqana
Kikubaaqudgha
Makhleb
Ru
Sif Muna
Trog
Uskayaw
Zin

Shops:
D:4 =   D:5 [   D:8 :[=*(   D:10 (

Annotations:
D:7 2 transporters, exclusion: oklob plant, supermoro's ghost, novice GrFi
D:13 Lodul


Innate Abilities, Weirdness & Mutations

You cannot wear most types of armour.
You are amphibious.
You can wear up to eight rings at the same time.
Your skin changes colour to match your surroundings (Stealth+).
Your rubbery body absorbs attacks. (AC +1, EV +1)
((You are camouflaged when in or above water. (Stealth+)))
You have tentacles for arms and can constrict up to eight enemies at once.


Message History

The rakshasa is moderately wounded.
The foxfire hits the rakshasa.
The rakshasa is burned terribly!
The rakshasa is moderately wounded.
You block the rakshasa's attack.
Casting: Scorch (safe; 1% risk of failure)
Confirm with . or Enter, or press ? or * to list all spells.
You feel a surge of power!
Flames lash the rakshasa.
The rakshasa is burned terribly!
The rakshasa is moderately wounded.
The rakshasa closely misses you.
Casting: Scorch (safe; 1% risk of failure)
Confirm with . or Enter, or press ? or * to list all spells.
You feel a surge of power!
Flames lash the rakshasa.
The rakshasa is burned terribly!
The rakshasa is heavily wounded.
A small abomination comes into view.
You block the rakshasa's attack.
Casting: Scorch (safe; 1% risk of failure)
Confirm with . or Enter, or press ? or * to list all spells.
You feel a surge of power!
Flames lash the rakshasa.
The rakshasa is burned terribly!
The rakshasa is heavily wounded.
The injured rakshasa weaves a defensive illusion!
You block the rakshasa's attack.
Casting: Scorch (safe; 1% risk of failure)
Confirm with . or Enter, or press ? or * to list all spells.
Casting: Flame Wave (mildly dangerous; 1% risk of failure)
Press: ? - help, Dir - look around, f - activate You feel a surge of power!
A wave of flame ripples out!
The flame wave engulfs the rakshasa!
The rakshasa is burned terribly!
The rakshasa is severely wounded. (Press . to intensify the flame waves.)
The rakshasa completely misses you. The rakshasa gestures at you.
The lance of force hits you!!!
Ouch! That really hurt!
* * * LOW HITPOINT WARNING * * *
You are knocked back by the lance of force.
You slam into the rock wall!
You die...

## . #. . # .#
.## # . ##..
#..... #..
##... ..#. .#
##.# . ...#
#.#....#..#.#
..##..##..####
#.. #.x†.R.@#
#.#..##.RR##
## ###.####
#.. .## #...#
. ## #.#.. #.
## ..... R. .
. ... .##... .
# .....##... #


You could see 3 rakshasas and a small abomination.

Vanquished Creatures
  A boulder beetle (D:14)
  A hydra (D:12)
  A vault guard (D:14)
  A centaur warrior (D:15)
  4 two-headed ogres
  A tengu warrior (D:14)
  A fire crab (shapeshifter) (D:15)
  A deep elf pyromancer (D:12)
  A cyclops (D:14)
  2 ugly things
  2 manticores (D:11)
  2 kobold demonologists (D:9)
  A wolf spider simulacrum (D:15)
  A queen bee (D:12)
  4 slime creatures (D:14)
  4 raiju (Abyss:3)
  A shadow (D:10)
  9 yaks
  4 wraiths
  5 humans (D:9)
  2 basilisks (D:11)
  A dire elephant simulacrum (IceCv)
  2 steam dragons
  3 wyverns
  Grum (D:9)
  A harpy simulacrum (D:14)
  5 water moccasins
  2 acid dragons
  2 ice beasts (D:6)
  2 black bears
  2 sky beasts
  6 orc warriors
  2 ogres (D:5)
  2 wolves (D:9)
  7 centaurs
  2 phantoms
  3 kobold brigands
  7 bullfrogs
  4 scorpions
  2 gnoll sergeants
  14 wights
  14 killer bees (D:12)
  2 elephant simulacra (IceCv)
  A howler monkey (D:9)
  A hound (D:5)
  5 orc priests
  2 gnoll shamans
  A jelly (D:8)
  Ijyb (D:4)
  4 iguanas
  11 orc wizards
  A polar bear simulacrum (IceCv)
  A wolf simulacrum (IceCv)
  28 gnolls
  6 adders
  A shadow imp (D:6)
  15 white imps
  A worm (D:2)
  3 dart slugs
  28 orcs
  5 ball pythons
  5 bats
  9 endoplasms
  A giant cockroach (D:2)
  6 goblins
  15 hobgoblins
  6 quokkas
  7 frilled lizards
  19 kobolds
  2 rats (D:1)
  A foxfire (D:15)
321 creatures vanquished.

Vanquished Creatures (collateral kills)
  16 foxfires (D:8)
16 creatures vanquished.

Vanquished Creatures (others)
  2 bushes (D:11)
  922 foxfires
  3 fulminant prisms
  5 fungi (D:11)
  42 plants
974 creatures vanquished.

Grand Total: 1311 creatures vanquished

Notes
Turn   | Place    | Note
-------+----------+-------------------------------------------
     0 | D:1      | Conn the Octopode Fire Elementalist began the quest for the
                  | Orb.
     0 | D:1      | Reached XP level 1. HP: 11/11 MP: 3/3
   251 | D:1      | Reached XP level 2. HP: 17/17 MP: 1/5
   339 | D:1      | Found a faded altar of an unknown god.
   820 | D:1      | Reached XP level 3. HP: 21/21 MP: 6/6
  1786 | D:3      | Reached XP level 4. HP: 27/27 MP: 3/7
  2802 | D:4      | Learned a level 3 spell: Conjure Flame
  2806 | D:4      | Learned a level 3 spell: Inner Flame
  2882 | D:4      | Noticed a scorpion
  2891 | D:4      | Killed a scorpion
  2892 | D:4      | Reached XP level 5. HP: 31/31 MP: 0/9
  2892 | D:4      | Found a staircase to the Ecumenical Temple.
  2899 | Temple   | Entered the Ecumenical Temple
  3036 | Temple   | Became a worshipper of Sif Muna the Loreminder
  3090 | D:4      | Noticed a phantom
  3111 | D:4      | Killed a phantom
  3204 | D:4      | Noticed Ijyb
  3215 | D:4      | Killed Ijyb
  3216 | D:4      | Reached XP level 6. HP: 35/37 MP: 1/11
  3329 | D:4      | Found Cifepuxt's Jewellery Emporium.
  3426 | D:4      | Reached skill level 1 in Hexes
  3689 | D:4      | Noticed a black bear
  3695 | D:4      | Learned a level 2 spell: Scorch
  3698 | D:4      | Killed a black bear
  3926 | D:4      | Reached XP level 7. HP: 33/42 MP: 6/12
  3927 | D:4      | Reached skill level 1 in Evocations
  4497 | D:4      | Found a glowing silver altar of Zin.
  4530 | D:5      | Entered Level 5 of the Dungeon
  4538 | D:5      | Learned a level 4 spell: Flame Wave
  4874 | D:5      | Reached skill level 5 in Fire Magic
  4874 | D:5      | Reached XP level 8. HP: 47/47 MP: 8/15
  4960 | D:5      | Found Vuvuolo's Armour Boutique.
  5169 | D:5      | Reached * piety under Sif Muna
  5205 | D:4      | Bought a ring of magical power for 260 gold pieces
  5745 | D:6      | Reached skill level 5 in Spellcasting
  6233 | D:6      | Reached skill level 1 in Staves
  6287 | D:6      | Reached skill level 5 in Stealth
  6315 | D:6      | Reached skill level 1 in Fighting
  6884 | D:7      | Reached XP level 9. HP: 41/53 MP: 15/18
  7144 | D:7      | Found a transporter.
  7192 | D:7      | Identified the +5 short sword "Qodeim" {freeze, Will+ Int+2
                  | SInv}
  7193 | D:7      | Noticed supermoro's ghost (novice GrFi)
  7329 | D:7      | Noticed an oklob plant
  7340 | D:7      | Found a transporter.
  7342 | D:7      | Noticed a hornet
  8270 | D:8      | Found Buamatarph's Antique Weapon Shop.
  8408 | D:8      | Reached ** piety under Sif Muna
  8409 | D:8      | Reached skill level 5 in Conjurations
  9202 | D:8      | Reached skill level 1 in Invocations
  9203 | D:8      | HP: 2/81 [yak (12)]
  9207 | D:8      | Reached XP level 10. HP: 25/60 MP: 15/21
  9489 | D:8      | Found Dosson's Jewellery Boutique.
  9489 | D:8      | Found Zuder's Book Boutique.
  9571 | D:8      | Found Fave's General Store.
  9572 | D:8      | Found Nixiycer's Antique Armour Boutique.
 10055 | D:9      | Noticed Grum
 10076 | D:9      | Killed Grum
 10337 | D:9      | Reached *** piety under Sif Muna
 10342 | D:9      | Noticed a kobold demonologist
 10342 | D:9      | Noticed a kobold demonologist
 10359 | D:9      | Noticed an orange demon
 11184 | D:9      | Killed a kobold demonologist
 11189 | D:9      | Killed a kobold demonologist
 11485 | D:9      | Noticed a two-headed ogre
 11506 | D:10     | Entered Level 10 of the Dungeon
 11676 | D:10     | Learned a level 3 spell: Stone Arrow
 11771 | D:9      | Reached skill level 5 in Invocations
 11771 | D:9      | Reached XP level 11. HP: 41/64 MP: 5/23
 12408 | D:9      | Killed a two-headed ogre
 12812 | D:10     | Found Bumouw's Antique Weapon Shoppe.
 13102 | D:10     | Reached **** piety under Sif Muna
 13572 | D:10     | Gained mutation: You are frail. (-10% HP) [potion of
                  | mutation]
 13572 | D:10     | Lost mutation: You are frail. (-10% HP) [potion of
                  | mutation]
 13755 | D:11     | Found a frozen archway.
 13757 | D:11     | Noticed a manticore
 13763 | D:11     | Killed a manticore
 13767 | D:11     | Noticed a manticore
 13767 | D:11     | Killed a manticore
 13947 | IceCv    | Entered an ice cave
 13947 | IceCv    | Noticed a white ugly thing
 13957 | IceCv    | Killed a white ugly thing
 14166 | IceCv    | Found a transporter.
 14179 | IceCv    | Found a transporter.
 14208 | D:11     | Noticed a two-headed ogre
 14220 | D:11     | Killed a two-headed ogre
 14335 | D:11     | Found a staircase to the Orcish Mines.
 14388 | D:11     | Noticed a two-headed ogre
 14402 | D:11     | Killed a two-headed ogre
 14403 | D:11     | Reached skill level 1 in Throwing
 14647 | D:11     | Found the +1 cloak of Starlight {*Dazzle EV+4 Stlth--}
 14658 | D:11     | Noticed a two-headed ogre
 14673 | D:11     | Killed a two-headed ogre
 14674 | D:11     | Reached XP level 12. HP: 72/72 MP: 20/25
 14686 | D:11     | Reached skill level 10 in Fire Magic
 14809 | D:11     | Found a staircase to the Lair.
 14819 | D:11     | Reached skill level 10 in Spellcasting
 14957 | D:11     | Found a hazy altar of Hepliaklqana.
 15155 | D:11     | Reached ***** piety under Sif Muna
 15478 | D:8      | Bought a book of Blasting for 416 gold pieces
 15483 | D:8      | Learned a level 4 spell: Iskenderun's Mystic Blast
 15674 | D:12     | Noticed a five-headed hydra
 15680 | D:12     | Killed a five-headed hydra
 15681 | D:12     | Reached skill level 1 in Translocations
 15881 | D:12     | Received a gift from Sif Muna
 15890 | D:13     | Noticed Lodul
 15890 | D:13     | You are sucked into a shaft and drop 2 floors!
 15890 | D:15     | Entered Level 15 of the Dungeon
 16059 | D:15     | Learned a level 4 spell: Fulminant Prism
 16061 | D:15     | Noticed a centaur warrior
 16066 | D:15     | Killed a centaur warrior
 16253 | D:15     | Learned a level 4 spell: Summon Ice Beast
 16367 | D:14     | Reached skill level 1 in Summonings
 16378 | D:14     | Reached skill level 1 in Earth Magic
 16495 | D:14     | Noticed a boulder beetle
 16509 | D:14     | Killed a boulder beetle
 16510 | D:14     | Reached skill level 1 in Ice Magic
 16741 | D:14     | Noticed a tengu warrior
 16747 | D:14     | Killed a tengu warrior
 16747 | D:14     | Found a gate to the Vaults.
 16747 | D:14     | Noticed a tengu warrior
 16747 | D:14     | Noticed a vault guard
 16748 | D:14     | Noticed a vault guard
 16748 | D:14     | Noticed a vault guard
 16748 | D:14     | Noticed a vault guard
 16750 | D:14     | Noticed a tengu warrior
 16772 | D:14     | Killed a vault guard
 16778 | D:14     | Cast into level 3 of the Abyss (a wizard)
 16825 | Abyss:3  | Noticed a rakshasa
 16847 | Abyss:3  | HP: 3/72 [rakshasa (illusionary)/lance of force (36)]
 16847 | Abyss:3  | Collided with a rock wall

Illustrated notes

Levels and vault maps discovered:
D:1:      dpeg_arrival_simpleton_c, layout_basic,
          chequers_ecumenical_altar_simple
D:2:      layout_rooms
D:3:      layout_loops_corners
D:4:      layout_basic, kennysheep_mini, minmay_temple_entry_sparse_star,
          serial_shops, nicolae_shop_trees, minmay_misc_feat_secret_circle,
          uniq_ijyb
D:5:      layout_layer_cave, grunt_ministairs_6, nicolae_stop_n_shop_1
D:6:      layout_basic, kennysheep_nub
D:7:      layout_basic, nzn_ghost_randoct
D:8:      kennysheep_housing_project, layout_basic, minmay_shop_grid_forest,
          nicolae_take_the_stairs
D:9:      layout_irregular_city, minmay_ruffians, uniq_grum
D:10:     layout_gridville, serial_shops, nicolae_shop_overgrown_old_shop
D:11:     layout_roguey, minmay_lair_entry_grove, orc_0_dummy,
          portal_ice_cave_entry_imps, nzn_hepliaklqana_mist_gate
D:12:     layout_roguey [special_room_bee], serial_shops,
          nicolae_shop_bloodbath_and_beyond, gammafunk_ghost_arena, uniq_kirke
D:13:     layout_loops_ring, drop_trap, st_stairs_14, uniq_lodul
D:14:     layout_basic, lightli_vaults_fourway_checkpoint, hex_intersection
D:15:     hangedman_depths_entry_try_elsewhere_first, layout_rooms,
          serial_shops, shop, palyth_stone_intersect,
          hangedman_cracks_in_the_wall, uniq_josephine
Temple:   mainiacjoe_temple_hex_bubbles
Abyss:3:  base: D:3, bh_abyss_exit_spiral

Skill      XL: |  1  2  3  4  5  6  7  8  9 10 11 12 |
---------------+-------------------------------------+-----
Stealth        | 3 4 5 6 |  6.0
Conjurations   | 2 3 4 5 6 7 8 |  8.0
Fire Magic     | 4 5 6 7 8 9 10 | 10.9
Spellcasting   | 3 4 6 7 8 9 10 | 10.8
Hexes          | 1 2 3 4 |  4.9
Evocations     | 1 |  1.2
Dodging        | 3 |  3.7
Staves         | 1 |  1.6
Fighting       | 1 2 |  2.4
Invocations    | 1 5 6 7 |  7.0
Throwing       | 1 |  1.1
Translocations | 3 |  3.1
Summonings     | 2 |  2.0
Earth Magic    | 1 |  1.1
Ice Magic      | 1 |  1.8
Short Blades   | |  0.9
Shields        | |  0.9

Action                   |  1- 3 |  4- 6 |  7- 9 | 10-12 || total
-------------------------+-------+-------+-------+-------++-------
Melee: Staff             |    11 |     6 |    33 |    19 ||    69
       Constrict         |     4 |     2 |     9 |     4 ||    19
       Tentacles         |     3 |     3 |     8 |     9 ||    23
       Punch             |     1 |       |     3 |     1 ||     5
       Short sword       |       |       |     5 |     8 ||    13
Throw: Dart              |       |     2 |     3 |    11 ||    16
 Cast: Foxfire           |    53 |    62 |   131 |   278 ||   524
       Inner Flame       |       |     6 |     4 |    57 ||    67
       Conjure Flame     |       |     3 |     2 |    16 ||    21
       Scorch            |       |       |    20 |   104 ||   124
       Flame Wave        |       |       |    10 |    13 ||    23
       Iskenderun's Myst |       |       |       |     4 ||     4
       Stone Arrow       |       |       |       |     4 ||     4
       Summon Ice Beast  |       |       |       |     3 ||     3
       Fulminant Prism   |       |       |       |     3 ||     3
Invok: Channel Magic     |       |       |       |     1 ||     1
Evoke: Wand              |       |     6 |     2 |     1 ||     9
  Use: Potion            |       |     1 |     7 |     4 ||    12
       Scroll            |       |       |     8 |    15 ||    23
 Stab: Sleeping          |     1 |     2 |     4 |     1 ||     8
Armor: Skin              |       |     2 |     6 |     6 ||    14
Dodge: Dodged            |     5 |     2 |    38 |    49 ||    94
Block: Buckler           |       |       |       |    25 ||    25
       Reflection        |       |       |       |     2 ||     2

Table legend: (Time is in decaauts)
 A = Elapsed time spent in this place.
 B = Non-inter-level travel time spent in this place.
 C = Inter-level travel time spent in this place.
 D = Time resting spent in this place.
 E = Time spent auto-exploring this place.
 F = Levels seen in this place.
 G = Mean time per level.
                   A        B        C        D        E       F      G
               +--------+--------+--------+--------+--------+-----+--------+
         Total |  16875 |  16109 |    766 |    792 |  12513 |  18 |  937.5 |
       Dungeon |  16412 |  15656 |    756 |    792 |  12179 |  15 | 1094.1 |
        Temple |    147 |    137 |     10 |      0 |    131 |   1 |  147.0 |
         Abyss |     68 |     68 |      0 |      0 |      2 |   1 |   68.0 |
      Ice Cave |    245 |    245 |      0 |      0 |    201 |   1 |  245.0 |
               +--------+--------+--------+--------+--------+-----+--------+

Top non-repeatable levels by time:
     D:8: 2401 daAuts
     D:9: 1774 daAuts
     D:4: 1732 daAuts
    D:10: 1522 daAuts
    D:11: 1421 daAuts
     D:7: 1391 daAuts
     D:6: 1223 daAuts
     D:3: 1068 daAuts
     D:1: 1029 daAuts
     D:5: 971 daAuts
     D:2: 699 daAuts
    D:14: 513 daAuts
    D:15: 374 daAuts
    D:12: 290 daAuts
   IceCv: 245 daAuts
